 Dungeon Crawl Stone Soup version 0.27.1-1-g398f81649c (webtiles) character file.

Game seed: 6583068514440202365

73 Elvor the Sneak (level 4, 0/29 HPs)
             Began as a Gargoyle Delver on Sept 10, 2021.
             Splashed by a goblin's acid (16 damage)
             ... on level 3 of the Dungeon.
             The game lasted 00:07:38 (566 turns).

Elvor the Sneak (Gargoyle Delver)                    Turns: 566, Time: 00:07:39

Health: 0/29       AC: 12    Str: 17    XL:     4   Next: 27%
Magic:  4/4        EV:  7    Int: 10    God:
Gold:   102        SH:  0    Dex: 11    Spells: 3/3 levels left

rFire    . . .     SeeInvis .   k - +6 trident "Saptuh" {vorpal, rC++}
rCold    + + .     Faith    .   (no shield)
rNeg     + . .     Spirit   .   n - +0 chain mail
rPois    ∞         Reflect  .   (no helmet)
rElec    +         Harm     .   o - +0 cloak
rCorr    .         Rampage  .   (no gloves)
Will     .....                  (no boots)
Stlth    ..........             (no amulet)
HPRegen  0.09/turn              (no ring)
MPRegen  0.09/turn              (no ring)

@: no status effects
A: sickness immunity, AC +3, negative energy resistance 1, electricity
resistance, torment resistance 1, petrification resistance
a: no special abilities


You were on level 3 of the Dungeon.
You visited 1 branch of the dungeon, and saw 3 of its levels.

You collected 102 gold pieces.

Inventory:

Hand Weapons
 a - a +0 mace
 h - a +0 rapier
 k - the +6 trident "Saptuh" (weapon) {vorpal, rC++}
   (You found it on level 4 of the Dungeon)

   It inflicts extra damage upon your enemies.
   rC:        It greatly protects you from cold.
 p - a +0 flail
Missiles
 q - 12 poisoned darts (quivered)
 s - 45 stones
Armour
 b - a +0 leather armour
 n - a +0 chain mail (worn)
 o - a +0 cloak (worn)
Jewellery
 i - a ring of flight
Wands
 g - a wand of digging (3)
Scrolls
 c - a scroll of fog
 d - a scroll of magic mapping
 e - a scroll of fear
 j - a scroll of silence {unknown}
 l - a scroll of teleportation {unknown}
 m - 2 scrolls of identify {unknown}
 u - 3 scrolls of noise {unknown}
Potions
 f - a potion of haste
 r - a potion of curing {unknown}
 t - 2 potions of heal wounds {unknown}


   Skills:
 + Level 3.8 Fighting
 + Level 2.1 Maces & Flails
 + Level 1.0 Polearms
 + Level 1.3 Throwing
 + Level 1.7 Dodging
 + Level 6.1 Stealth


You had 3 spell levels left.
You didn't know any spells.
Your spell library was empty.

Dungeon Overview and Level Annotations

Branches:
Dungeon (5/15)
 Temple: D:4-7

Altars:


Innate Abilities, Weirdness & Mutations

You are immune to sickness and miasma.
Your stone body is resilient. (AC +3)
You are immune to poison.
You resist negative energy. (rN+)
You are resistant to electric shocks. (rElec)
You are resistant to unholy torment.
You are immune to petrification.


Message History

Things that are here:
a +0 short sword; a bat corpse
m - 2 scrolls labelled KERIRAB CUDEJ (gained 1)
Found 15 gold pieces.
You now have 102 gold pieces (gained 15).
Found a glowing cyan potion.
An endoplasm is nearby!
Found a brown potion.
r - a brown potion You start resting.
An endoplasm is nearby!
The endoplasm quivers.
Reach: k) +6 trident "Saptuh" {vorpal, rC++}
Press: ? - help, Dir - move target, f - endoplasm
Aim: an endoplasm (about 14% to evade the +6 trident "Saptuh")
You reach to attack!
You hit the endoplasm but do no damage. You puncture the endoplasm!
You kill the endoplasm!
Your Polearms skill increases to level 1!
Found a ring mail and 31 stones.
Found a glowing cyan potion.
Found 3 scrolls labelled XITUST YNEPN.
You see here 31 stones.
s - 31 stones
t - a glowing cyan potion
u - 3 scrolls labelled XITUST YNEPN
Found a leather armour.
Found 14 stones.
Found a faded altar of an unknown god.
s - 45 stones (gained 14)
t - 2 glowing cyan potions (gained 1)
A bat comes into view.
The bat moves out of view.
Found a stone staircase leading down.
q - 11 poisoned darts (gained 1)
A goblin comes into view.
It is wielding a +0 club and carrying a wand of acid (11).
The goblin shouts!
q - 12 poisoned darts (gained 1)
The goblin zaps a wand.
The bolt of acid hits you!
You are splashed with acid!
Ouch! That really hurt!
You die...

...... ... ...... .. #.>... ...
#.....### .. #.......# .#
...#.....[.##g#######
....#.........(......#
..........#.@..(..........
######......# #..............
.....#......# #...###... ...
.....#......# #...# #.####.######
.....#......###...# #.# #.......#
^....#......##....###)###........
.................................
......#.......#.).....#.......#..
####.......#......#......#.......


You could see a goblin.

Vanquished Creatures
  Jessica (D:3)
  2 adders (D:3)
  A worm (D:3)
  4 orcs (D:3)
  A ball python (D:3)
  2 bats (D:3)
  2 endoplasms (D:3)
  A giant cockroach (D:3)
  2 goblins (D:3)
  A hobgoblin (D:3)
  3 jackals (D:3)
  2 kobolds (D:3)
22 creatures vanquished.

Notes
Turn   | Place    | Note
-------+----------+-------------------------------------------
     0 | D:5      | Elvor the Gargoyle Delver began the quest for the Orb.
     0 | D:5      | Reached XP level 1. HP: 14/14 MP: 1/1
    58 | D:5      | Noticed a scorpion
    65 | D:4      | Identified the +6 trident "Saptuh" {vorpal, rC++}
    81 | D:4      | Noticed a jelly
   105 | D:3      | Reached XP level 2. HP: 18/19 MP: 2/2
   152 | D:3      | Reached skill level 6 in Stealth
   252 | D:3      | Reached XP level 3. HP: 6/23 MP: 3/3
   282 | D:3      | Noticed Jessica
   336 | D:3      | Killed Jessica
   337 | D:3      | Reached skill level 1 in Throwing
   337 | D:3      | Reached XP level 4. HP: 6/29 MP: 4/4
   450 | D:3      | Reached skill level 1 in Polearms
   488 | D:3      | Found a faded altar of an unknown god.
   566 | D:3      | Splashed by a goblin's acid

Illustrated notes

Levels and vault maps discovered:
D:3:      layout_basic, chequers_ecumenical_altar_simple,
          minmay_increasing_density, uniq_jessica
D:4:      layout_cave_pools, zin_scriptorium, st_stairs_2, uniq_grinder
D:5:      layout_cave_pools, minmay_temple_entry_antechambers, minmay_bent

Skill      XL: |  1  2  3  4 |
---------------+-------------+-----
Stealth        | 6 |  6.1
Throwing       | 1 |  1.3
Polearms       | 1 |  1.0
Fighting       | |  3.8
Maces & Flails | |  2.1
Dodging        | |  1.7

Action                   |  1- 3 |  4- 6 || total
-------------------------+-------+-------++-------
Melee: Trident           |    52 |     3 ||    55
Throw: Dart              |    26 |       ||    26
Armor: Leather armour    |     8 |       ||     8
       Chain mail        |    27 |       ||    27
Dodge: Dodged            |    31 |       ||    31
